 Dungeon Crawl Stone Soup version 0.30-b1-2-g02819fbbbe (webtiles) character file.

Game seed: 13598087103058310061

4053 MisterFreud the Transmogrifier (level 10, -3/91 (93) HPs)
             Began as a Pale Draconian Transmuter on May 3, 2023.
             Was an Initiate of Yredelemnul.
             Slain by a bullfrog (4 damage)
             ... on level 8 of the Dungeon.
             The game lasted 00:12:15 (7657 turns).

MisterFreud the Transmogrifier (DrTm)               Turns: 7657, Time: 00:12:16

HP:   -3/91 (93)    AC:  8    Str: 13    XL:     10   Next: 4%
MP:   13/15         EV: 12    Int: 22    God:    Yredelemnul [......]
Gold: 288           SH:  0    Dex: 13    Spells: 6/13 levels left

rFire   x .          .
                       - Unarmed
rCold   + + +        (shield currently unavailable)
rNeg    . . .        (body armour unavailable)
rPois   +            (helmet currently unavailable)
rElec   .            (cloak currently unavailable)
rCorr   .            (gloves currently unavailable)
SInv    .            r - melded +0 pair of boots
Will    +....        (no amulet)
Stlth   +            i - +6 ring of intelligence
HPRegen 0.35/turn    e - ring of willpower
MPRegen 0.14/turn

%: no passive effects
@: about to teleport, ice-form, lightly drained
A: freezing attack, amphibious, boosted hp, (breathe steam), AC +7, large,
unfitting armour, (cold-blooded), (steam resistance)
a: End Transformation, Renounce Religion, Recall Undead Harvest


You were on level 8 of the Dungeon.
You worshipped Yredelemnul.
Yredelemnul was noncommittal.
You were a creature of crystalline ice.
You visited 1 branch of the dungeon, and saw 9 of its levels.

You collected 456 gold pieces.
You spent 168 gold pieces at shops.

Inventory:

Hand Weapons
 j - the +9 mace of Understanding {elec, rN+}
   (You found it on level 3 of the Dungeon)

   rN:        It protects you from negative energy.
Missiles
 m - 15 poisoned darts
 n - 3 boomerangs
 p - 2 curare-tipped darts
Armour
 r - a +0 pair of boots (melded)
Jewellery
 e - a ring of willpower (right front paw)
 h - a ring of willpower
 i - a +6 ring of intelligence (left front paw)
 k - a ring of magical power
 q - an amulet of regeneration
 x - a ring of flight
Wands
 l - a wand of flame (16)
Scrolls
 c - a scroll of teleportation
 v - a scroll of amnesia
 y - a scroll of brand weapon {unknown}
 z - a scroll of fog {unknown}
Potions
 a - 2 potions of lignification
 b - a potion of mutation
 d - 2 potions of brilliance
 f - 3 potions of heal wounds
 g - 3 potions of curing
 o - a potion of invisibility {unknown}
 s - a potion of might
 t - a potion of berserk rage
 u - a potion of cancellation {unknown}
 w - 2 potions of flight {unknown}


   Skills:
 - Level 4.0 Fighting
 - Level 1.1 Maces & Flails
 - Level 6.0 Dodging
 - Level 6.0 Unarmed Combat
 - Level 2.0 Spellcasting
 - Level 8.0 Transmutations
 - Level 4.0 Ice Magic
 + Level 7.8 Invocations


You had 6 spell levels left.
You knew the following spells:

 Your Spells              Type           Power      Damage    Failure   Level
a - Spider Form           Tmut/Pois      19%        N/A       8%          3
b - Ice Form              Ice/Tmut       28%        N/A       12%         4

Your spell library contained the following spells:

 Spells                   Type           Power      Damage    Failure   Level
 Beastly Appendage        Tmut           74%        N/A       1%          1
 Wereblood                Tmut           37%        N/A       1%          2
 Necrotise                Necr           8%         1d4       14%         1
 Shock                    Conj/Air       8%         1d3       14%         1
 Inner Flame              Hex/Fire       2%         N/A       38%         3
 Swiftness                Air            2%         N/A       38%         3
 Vampiric Draining        Necr           2%         2d6       38%         3
 Yara's Violent Unravell  Hex/Tmut       9%         3d6       58%         5
 Airstrike                Air            1%         2d(1-17)  80%         4
 Agony                    Necr           2%         N/A       98%         5
 Summon Forest            Summ/Tloc      1%         N/A       98%         5
 Summon Mana Viper        Hex/Summ       2%         N/A       98%         5
 Summon Cactus Giant      Summ           1%         N/A       100%        6
 Enfeeble                 Hex            1%         N/A       100%        7


Dungeon Overview and Level Annotations

Branches:
Dungeon (9/15)
 Temple: D:4-7         Lair: D:8-11         Orc: D:9-12

Altars:
Dithmenos
Fedhas
Kikubaaqudgha
Okawaru
Qazlal
Uskayaw
Vehumet
Yredelemnul

Shops:
D:4 ***

Annotations:
D:3 3 runed translucent doors, Crazy Yiuf; NimIero's ghost, amateur TeAE


Innate Abilities, Weirdness & Mutations

You are a creature of crystalline ice.
You have a powerful freezing melee attack.
You are amphibious.
Your maximum health is increased.
Your armour is entirely melded.
You are incapable of wielding weapons or throwing items.
((You can breathe blasts of scalding, opaque steam.))
((Your pale cyan-grey scales are hard. (AC +7)))
You cannot fit into any form of body armour.
((You are cold-blooded and may be slowed by cold attacks.))
((You are immune to the effects of steam.))


Message History

The bullfrog hits you.
You are too injured to fight recklessly!
Unknown command.
The bullfrog attacks as you move away! The bullfrog hits you.
Your steam dragon zombie bites the wight.
The wight is destroyed!
The wight hits your steam dragon zombie with a +4 mace of freezing!
Your steam dragon zombie is destroyed!
Things that are here:
a +0 falchion; a +0 robe The steam dragon barely misses your steam dragon zombie.
The steam dragon claws your steam dragon zombie.
The wight hits your steam dragon zombie with a +5 halberd of freezing.
The gnoll sergeant throws a stone.
The stone hits your steam dragon zombie!
Your steam dragon zombie bites the wight.
Your steam dragon zombie claws the wight.
The bullfrog barely misses you. The bullfrog attacks as you move away!
The bullfrog hits you!
The steam dragon bites your steam dragon zombie!
The steam dragon claws your steam dragon zombie.
The wight hits your steam dragon zombie with a +5 halberd of freezing!
Your steam dragon zombie is destroyed!
The bullfrog hits you but does no damage.
The gnoll sergeant throws a stone.
The stone barely misses you.
The centaur wields a +0 shortbow.
The centaur shoots an arrow.
The arrow hits you. The steam dragon breathes steam at you.
The ball of steam hits you!! The steam scalds you terribly!
* * * LOW HITPOINT WARNING * * *
The bullfrog hits you.
* * * LOW HITPOINT WARNING * * *
As you read the scroll of teleportation, it crumbles to dust.
You feel strangely unstable.
You are engulfed in a cloud of scalding steam.
The centaur shoots an arrow.
The arrow hits you.
* * * LOW HITPOINT WARNING * * *
The bullfrog hits you.
You die...
Your body rises from the dead as a mindless zombie.

.....D#....[...
#..............#....)...
#..............#........ .
#..................[...
..#.........#............
##..........##............ ..
#...............###....... ...
#...##....§...#..#........
...##...##.zFY..## #.#...###..
............§....# #...Z..##.#
.........zc§...#####..#..#####
......)..g......#....#####
......).....##....#...###
.#....D...##.##.#.....#
#....................#
##.#.#...............#
#.####..........#..##


You could see a gnoll sergeant, a bullfrog, a centaur and 2 wights.

Vanquished Creatures
  Prince Ribbit (D:8)
  A wyvern (D:8)
  2 steam dragons (D:8)
  An orc warrior (D:8)
  2 sky beasts (D:8)
  2 ice beasts (D:6)
  A black bear (D:6)
  2 ogres
  Blork the orc (D:6)
  A kobold brigand (D:8)
  2 bullfrogs
  3 scorpions
  6 wights
  2 killer bees (D:6)
  2 howler monkeys
  A human zombie (D:5)
  2 bullfrog zombies (D:5)
  3 centaur zombies (D:5)
  3 hounds
  2 jellies
  7 orc priests
  2 sleepcaps (D:5)
  2 iguanas (D:6)
  Ijyb (D:3)
  Natasha (twice) (D:3)
  Terence (D:3)
  4 orc wizards
  2 scorpion zombies
  A hound zombie (D:5)
  A mummy (D:5)
  4 adders
  A white imp (D:7)
  A worm (D:4)
  3 dart slugs
  23 orcs
  9 ball pythons
  6 endoplasms
  6 giant cockroaches
  4 hobgoblins
  7 jackals
  9 kobolds
  6 quokkas
  6 bats
  3 frilled lizards
  9 goblins
  A kobold zombie (D:6)
  5 rats
166 creatures vanquished.

Vanquished Creatures (collateral kills)
  Grinder (D:6)
  A steam dragon (D:6)
  A black bear (D:6)
  A kobold brigand (D:6)
  2 wights (D:8)
  A killer bee (D:6)
  An orc priest (D:5)
  A jelly (D:5)
  An orc wizard (D:4)
  A shadow imp (D:6)
  2 orcs
  A jackal (D:5)
  A kobold (D:6)
15 creatures vanquished.

Vanquished Creatures (others)
  A bullfrog zombie (D:7)
  Natasha (D:3)
  An orc wizard (D:5)
  A killer bee zombie (D:6)
  A sky beast zombie (D:8)
  2 hound zombies
  2 steam dragon zombies (D:8)
  A jelly zombie (D:5)
  A ball python zombie (D:4)
  2 kobold zombies
  11 orc zombies
  A fungus (D:6)
25 creatures vanquished.

Grand Total: 206 creatures vanquished

Notes
Turn   | Place    | Note
-------+----------+-------------------------------------------
     0 | D:1      | MisterFreud the Draconian Transmuter began the quest for
                  | the Orb.
     0 | D:1      | Reached XP level 1. HP: 16/16 MP: 3/3
   158 | D:1      | Reached XP level 2. HP: 20/23 MP: 5/5
   249 | D:1      | Reached skill level 3 in Transmutations
  1021 | D:1      | Reached XP level 3. HP: 28/28 MP: 6/6
  1302 | D:2      | Learned a level 3 spell: Spider Form
  1739 | D:2      | Reached skill level 4 in Transmutations
  1942 | D:3      | Found a large runed translucent door.
  1942 | D:3      | Found a large runed translucent door.
  1948 | D:3      | Noticed NimIero's ghost (amateur TeAE)
  2037 | D:3      | Found a radiant altar of Vehumet.
  2108 | D:3      | Found an iron altar of Okawaru.
  2162 | D:3      | Identified the +9 mace of Understanding {elec, rN+}
  2218 | D:3      | Noticed Natasha
  2224 | D:3      | Killed Natasha
  2225 | D:3      | Reached XP level 4. HP: 35/35 MP: 3/7
  2279 | D:3      | Noticed Ijyb
  2298 | D:3      | Killed Ijyb
  2299 | D:3      | Reached skill level 5 in Transmutations
  2326 | D:3      | Killed Natasha
  2342 | D:3      | Learned a level 4 spell: Ice Form
  2539 | D:3      | Noticed Natasha
  2597 | D:3      | Noticed Terence
  2603 | D:3      | Killed Terence
  2604 | D:3      | Reached skill level 1 in Maces & Flails
  2604 | D:3      | Reached XP level 5. HP: 41/41 MP: 4/8
  2695 | D:3      | Killed Natasha
  2911 | D:3      | Found a runed translucent door.
  2912 | D:3      | Noticed Crazy Yiuf
  3182 | D:4      | Noticed an ogre
  3201 | D:4      | Killed an ogre
  3202 | D:4      | Reached XP level 6. HP: 39/51 MP: 7/9
  3397 | D:4      | Found a basalt altar of Yredelemnul.
  3413 | D:4      | Became a worshipper of Yredelemnul the Dark
  3647 | D:4      | Reached * piety under Yredelemnul
  3677 | D:4      | Found Pucuipt's General Store.
  3903 | D:4      | Reached skill level 5 in Unarmed Combat
  4040 | D:4      | Your scales start taking on a pale cyan-grey colour.
  4040 | D:4      | Reached XP level 7. HP: 34/59 MP: 7/10
  4040 | D:4      | Gained mutation: You are immune to the effects of steam.
                  | [Pale Draconian growth]
  4045 | D:4      | Reached ** piety under Yredelemnul
  4068 | D:4      | Reached *** piety under Yredelemnul
  4254 | D:4      | Found Ocagupn's General Store.
  4256 | D:4      | Found Quugh's Specific Store.
  4264 | D:4      | Bought a potion of might for 48 gold pieces
  4264 | D:4      | Bought a potion of berserk rage for 60 gold pieces
  4264 | D:4      | Bought a potion of heal wounds for 60 gold pieces
  4385 | D:5      | Entered Level 5 of the Dungeon
  4629 | D:5      | Found a shadowy altar of Dithmenos.
  4837 | D:5      | Reached XP level 8. HP: 46/66 MP: 7/11
  5057 | D:5      | Reached skill level 5 in Dodging
  5209 | D:5      | Reached skill level 1 in Ice Magic
  5254 | D:5      | Found an ancient bone altar of Kikubaaqudgha.
  5762 | D:6      | Found a stormy altar of Qazlal.
  5786 | D:6      | Found a blossoming altar of Fedhas.
  6025 | D:6      | Found a hide-covered altar of Uskayaw.
  6088 | D:6      | Reached skill level 6 in Transmutations
  6245 | D:6      | Noticed Grinder
  6256 | D:6      | Killed Grinder
  6257 | D:6      | Reached XP level 9. HP: 62/71 MP: 9/12
  6338 | D:6      | Reached skill level 1 in Invocations
  6342 | D:6      | Reached skill level 7 in Transmutations
  6376 | D:6      | Noticed Blork the orc
  6384 | D:6      | Reached **** piety under Yredelemnul
  6388 | D:6      | Killed Blork the orc
  7104 | D:8      | Noticed Prince Ribbit
  7109 | D:8      | Killed Prince Ribbit
  7110 | D:8      | Reached skill level 8 in Transmutations
  7228 | D:8      | Reached skill level 5 in Invocations
  7464 | D:8      | Reached XP level 10. HP: 36/78 MP: 15/15
  7656 | D:8      | HP: 4/91 [bullfrog (4)]
  7657 | D:8      | HP: 1/91 [centaur/arrow (4)]
  7657 | D:8      | Slain by a bullfrog

Illustrated notes

Levels and vault maps discovered:
D:1:      eino_arrival_water_cross, layout_basic, minmay_misc_feat_columns,
          serial_bayou_pond_d, st_stairs_7
D:2:      layout_basic
D:3:      layout_loops_ring, okawaru_ov_weapons_minmay, fiery_altar_vehumet,
          ebering_ghost_disaster_area, uniq_crazy_yiuf_cottage, uniq_terence,
          uniq_ijyb, uniq_natasha
D:4:      layout_basic, nicolae_overflow_crystal_walls, nicolae_take_the_stairs,
          hangedman_feature_mirror, nicolae_specific_store
D:5:      layout_loops_ring, nicolae_dithmenos_the_darkroom,
          lemuel_mausoleum_altar_kikubaaqudgha
D:6:      layout_cave_pools, grunt_temple_overflow_forces_of_nature,
          kennysheep_mini_moat, uniq_blork_the_orc, uniq_grinder
D:7:      layout_basic, minmay_temple_entry_large_hall, uniq_duvessa, uniq_pikel
D:8:      minmay_s_stair_smasher, layout_cave_pools, uniq_prince_ribbit1
D:9:      layout_gridville, nicolae_hepliaklqana_hazy_memory,
          overflow_temple_1_default, orc_david_3, grunt_ministairs_9,
          dk_noncrumbling_3

Skill      XL: |  1  2  3  4  5  6  7  8  9 |
---------------+----------------------------+-----
Transmutations | 3 4 5 6 8 |  8.0
Maces & Flails | 1 |  1.1
Fighting       | 3 4 |  4.0
Unarmed Combat | 5 6 |  6.0
Dodging        | 4 6 |  6.0
Ice Magic      | 4 |  4.0
Invocations    | 7 |  7.8
Spellcasting   | |  2.0

Action                     |  1- 3 |  4- 6 |  7- 9 | 10-12 || total
---------------------------+-------+-------+-------+-------++-------
  Melee: Unarmed           |   214 |   185 |   296 |     8 ||   703
         Tailslap          |    20 |     9 |    26 |       ||    55
         Punch             |     5 |     1 |     6 |       ||    12
   Cast: Spider Form       |     1 |    12 |    13 |       ||    26
         Ice Form          |       |     1 |     8 |     1 ||    10
Ability: Breathe Steam     |       |       |     7 |       ||     7
         End Transformatio |       |       |     3 |       ||     3
    Use: Scroll            |     8 |     1 |     3 |     1 ||    13
         Potion            |       |     1 |       |       ||     1
   Stab: Sleeping          |       |     1 |     1 |       ||     2
         Distracted        |       |       |     2 |       ||     2
 Armour: Skin              |    67 |    41 |    59 |     2 ||   169
  Dodge: Dodged            |   151 |    95 |   211 |     5 ||   462
